 Dungeon Crawl Stone Soup version 0.32-a0-597-g8e3e136d6a (webtiles) character file.

Game seed: 12764974826895488271

27 cforsyth the Grave Robber (level 2, -2/24 HPs)
             Began as a Mountain Dwarf Necromancer on Mar 2, 2024.
             Slain by Robin
             ... wielding a +0 trident of flaming
              (3 damage)
             ... on level 2 of the Dungeon.
             The game lasted 00:03:06 (693 turns).

cforsyth the Grave Robber (MDNe)                     Turns: 693, Time: 00:03:07

Health: -2/24      AC:  5    Str:  8    XL:     2   Next: 93%
Magic:  0/4        EV: 11    Int: 15    God:
Gold:   25         SH:  0    Dex: 10    Spells: 3/4 levels left

rFire   . . .        e - +0 club
rCold   . . .        (no shield)
rNeg    . . .        a - +1 robe
rPois   +            (no helmet)
rElec   .            (no cloak)
rCorr   .            (no gloves)
SInv    .            (no boots)
Will    .....        (no amulet)
Stlth   ++           (no ring)
HPRegen 0.24/turn    (no ring)
MPRegen 0.09/turn

%: no passive effects
@: no status effects
A: runic magic, artefact enchanting, iridescent scales 1, poison resistance,
weak 1
a: no special abilities


You were on level 2 of the Dungeon.
You visited 1 branch of the dungeon, and saw 2 of its levels.

You collected 25 gold pieces.


Innate Abilities, Weirdness & Mutations

Your spellcasting is much less encumbered by armour.
You can use scrolls of enchantment on lesser artefacts.
You are partially covered in iridescent scales. (AC +2)
Your system is resistant to poisons. (rPois)
You are weak. (Str -2)


   Skills:
 + Level 2.0 Fighting
 - Level 1.3 Dodging
 - Level 1.4 Stealth
 - Level 1.7 Spellcasting
 + Level 4.9 Necromancy


You had 3 spell levels left.
You knew the following spells:

 Your Spells              Type           Power      Damage    Failure   Level
X - Necrotise             Necr           64%        1d7       3%          1

Your spell library contained the following spells:

 Spells                   Type           Power      Damage    Failure   Level
 Vampiric Draining        Necr           16%        2d7       9%          3
 Tukima's Dance           Hex            1%         N/A       56%         3
 Animate Dead             Necr           16%        N/A       28%         4
 Curse of Agony           Necr           16%        N/A       63%         5
 Dimensional Bullseye     Hex/Tloc       0%         N/A       92%         4
 Iskenderun's Mystic Bla  Conj/Tloc      1%         2d3       92%         4

Inventory:

Hand Weapons
 e - a +0 club (weapon)
Armour
 a - a +1 robe (worn)
Potions
 b - a potion of magic

Dungeon Overview and Level Annotations

Branches:
Dungeon (1/15)

Altars:

Annotations:
D:2 Robin

### #.. .#..
################ ...
###..ggggg@......# .
#.###...############.#
..#.....### #.#
.....#### ##.#
.....###### #..#
.##.......# #.##
#r...##.... #.#
.......?# . #.#
.#........ #.#


You could see Robin, a hobgoblin and 3 goblins.


Message History

You hit Robin but do no damage.
Robin is heavily wounded.
The goblin no longer looks unusually strong. x2
Robin hits you with a +0 trident of flaming.
* * * LOW HITPOINT WARNING * * *
Robin burns you.
* * * LOW HITPOINT WARNING * * *
Casting: Necrotise (safe; 3% risk of failure)
Confirm with . or Enter, or press ? or * to list all spells.
Aiming: Necrotise (safe; 3% risk of failure)
Press: ? - help, Shift-Dir - straight line, f/p - Robin
Aim: Robin, wielding a +0 trident of flaming, wearing a +0 animal skin and wearing a +0 helmet (heavily wounded, chance to affect: 80%) Robin writhes in agony.
Robin closely misses you.
Unknown command.
Unknown command.
You barely miss Robin.
Robin is severely wounded.
Robin barely misses you.
Unknown command.
Unknown command.
You hit Robin but do no damage.
Robin is severely wounded.
The goblin no longer looks unusually strong.
Robin hits you with a +0 trident of flaming!
* * * LOW HITPOINT WARNING * * *
Robin burns you.
* * * LOW HITPOINT WARNING * * *
Robin hits you with a +0 trident of flaming.
You die...
Robin says, "And that's why I'm the boss."

Skill      XL: |  1  2 |
---------------+-------+-----
Fighting       | 1 2 |  2.0
Dodging        | |  1.3
Stealth        | |  1.4
Spellcasting   | |  1.7
Necromancy     | |  4.9

Action                     || total
---------------------------++-------
  Melee: Unarmed           ||     6
         Club              ||    24
   Cast: Necrotise         ||    32
    Use: Scroll            ||     2
         Potion            ||     1
 Armour: Robe              ||    43
  Dodge: Dodged            ||    25

Levels and vault maps discovered:
D:1:      scummos_arrival_gate, layout_loops_ring,
          shapermc_ecumenical_altar_flowoftime, serial_shops,
          nicolae_shop_behind_doors, serial_co_window_serial, co_window_paths_a,
          co_window_of_opportunity_a, co_window_paths_a,
          co_window_of_opportunity_a, co_window_paths_a, co_window_paths_a,
          co_window_unsneaky_path_b, co_window_broadway_a, co_window_broadway_a,
          co_window_2corner, co_window_of_opportunity_b, co_window_broadway_a,
          co_window_corner_b, glass_columns_b, glass_columns_a, glass_columns_b,
          glass_columns_c, glass_columns_b
D:2:      layout_rooms, minmay_pentomino_pile, uniq_robin

Notes
Turn   | Place    | Note
-------+----------+-------------------------------------------
     0 | D:1      | cforsyth the Mountain Dwarf Necromancer began the quest for
                  | the Orb.
     0 | D:1      | Reached XP level 1. HP: 14/14 MP: 3/3
   250 | D:1      | Found a faded altar of an unknown god.
   289 | D:1      | You fall into a shaft and drop 1 floor!
   296 | D:2      | Reached skill level 1 in Fighting
   319 | D:2      | Reached XP level 2. HP: 11/23 MP: 0/4
   503 | D:2      | Noticed Robin
   550 | D:2      | Gained mutation: Your system is resistant to poisons.
                  | (rPois) [potion of mutation]
   550 | D:2      | Gained mutation: You are weak. (Str -2) [potion of
                  | mutation]
   550 | D:2      | Gained mutation: You are partially covered in iridescent
                  | scales. (AC +2) [potion of mutation]
   680 | D:2      | Reached skill level 2 in Fighting
   693 | D:2      | HP: 2/24 [Robin/+0 trident of flaming (7)]
   693 | D:2      | Slain by Robin

Vanquished Creatures
  A ribbon worm (D:2)
  3 ball pythons
  6 goblins
  3 hobgoblins (D:2)
  2 kobolds (D:2)
  A quokka (D:2)
  2 bats (D:2)
  A frilled lizard (D:1)
  A rat (D:2)
20 creatures vanquished.

Vanquished Creatures (collateral kills)
  A goblin (D:2)
  A rat (D:2)
2 creatures vanquished.

Grand Total: 22 creatures vanquished

Table legend: (Time is in decaauts)
 A = Elapsed time spent in this place.
 B = Non-inter-level travel time spent in this place.
 C = Inter-level travel time spent in this place.
 D = Time resting spent in this place.
 E = Time spent auto-exploring this place.
 F = Levels seen in this place.
 G = Mean time per level.
                   A        B        C        D        E       F      G
               +--------+--------+--------+--------+--------+-----+--------+
         Total |    699 |    699 |      0 |     83 |    406 |   2 |  349.5 |
       Dungeon |    699 |    699 |      0 |     83 |    406 |   2 |  349.5 |
               +--------+--------+--------+--------+--------+-----+--------+

Top non-repeatable levels by time:
     D:2: 410 daAuts
     D:1: 289 daAuts

Table legend:
 A = Non-vault XP
 B = Vault XP
 C = Vault XP percentage of total XP
 D = Non-vault monster count
 E = Vault monster count
 F = Vault count percentage of total count
                 A         B        C        D         E       F
            +---------+---------+-------+---------+---------+-------
      Total |      26 |      13 |  33.3 |      15 |       7 |  31.8
            +---------+---------+-------+---------+---------+-------
        D:1 |       6 |       0 |   0.0 |       4 |       0 |   0.0
        D:2 |      20 |      13 |  39.4 |      11 |       7 |  38.9
            +---------+---------+-------+---------+---------+-------
